 Dungeon Crawl Stone Soup version 0.24.0-123-gd5b16e6ec5 (webtiles) character file.

Game seed: 4807478929021662373, levelgen mode: deterministic

1878 Elellon the Cleaver (level 8, -2/73 HPs)
             Began as a Deep Dwarf Fighter on Jan 15, 2020.
             Was a Priest of Makhleb.
             Slain by an ogre
             ... wielding a +0 giant spiked club
              (7 damage)
             ... on level 7 of the Dungeon.
             The game lasted 00:12:17 (5125 turns).

Elellon the Cleaver (Deep Dwarf Fighter)            Turns: 5125, Time: 00:12:18

Health: -2/73      AC: 11    Str: 22    XL:     8   Next: 91%
Magic:  0/17 (8)   EV:  8    Int:  9    God:    Makhleb [***...]
Gold:   323        SH:  0    Dex: 12    Spells: 7/7 levels left

rFire    x . .     SeeInvis .   y - +4 battleaxe
rCold    + . .     Gourm    .   (shield currently unavailable)
rNeg     . . .     Faith    .   r - +0 chain mail
rPois    .         Spirit   +   q - +0 helmet
rElec    .         Reflect  .   (no cloak)
rCorr    .         Harm     .   (no gloves)
MR       +....                  (no boots)
Stlth    ..........             x - amulet of guardian spirit
HPRegen  0.00/turn              h - ring of ice
MPRegen  0.15/turn              w - ring of magical power

@: non-regenerating
A: damage resistance, heal wounds, sense surroundings 1, no regeneration
a: Heal Wounds, Minor Destruction, Lesser Servant of Makhleb, Renounce Religion


You were on level 7 of the Dungeon.
You worshipped Makhleb.
Makhleb was most pleased with you.
You were not hungry.

You visited 1 branch of the dungeon, and saw 7 of its levels.

You collected 323 gold pieces.

Inventory:

Hand Weapons
 a - a +0 war axe
 y - a +4 battleaxe (weapon)
Armour
 q - a +0 helmet (worn)
 r - a +0 chain mail (worn)
Jewellery
 b - an uncursed amulet of faith
 h - a ring of ice (left hand)
 w - a ring of magical power (right hand)
 x - an amulet of guardian spirit (around neck)
Wands
 d - a wand of flame (12)
 v - a wand of paralysis (7)
Scrolls
 e - 3 scrolls of enchant weapon {unknown}
 g - a scroll of fog {unknown}
 j - 3 scrolls of remove curse
 k - 2 scrolls of teleportation
 n - 2 scrolls of amnesia {unknown}
Potions
 l - a potion of agility {unknown}
 m - a potion of curing {unknown}
 p - 2 potions of brilliance {unknown}
 s - 2 potions of ambrosia {unknown}
 t - a potion of heal wounds {unknown}
 u - a potion of flight {unknown}
Comestibles
 c - 10 chunks of flesh
 f - 10 rations


   Skills:
 + Level 4.7 Fighting
 * Level 9.0(9.1) Axes
   Level 2.1(5.6) Maces & Flails
 + Level 5.8 Armour
   Level 4.6 Shields
 + Level 5.2 Invocations


You had 7 spell levels left.
You didn't know any spells.
Your spell library contained the following spells:

 Spells                   Type           Power        Failure   Level  Hunger
 Animate Skeleton         Necr           N/A          97%         1    ##.....
 Pain                     Necr           #...         97%         1    ##.....
 Vampiric Draining        Necr           #.........   100%        3    ####...
 Animate Dead             Necr           N/A          100%        4    #####..
 Regeneration             Chrm/Necr      Unusable     N/A         3    N/A

Dungeon Overview and Level Annotations

Branches:
Dungeon (7/15)             Temple (0/1) D:6

Altars:
Ashenzari
Fedhas
Makhleb
Trog
Xom
Yredelemnul
The Shining One

Shops:
D:5 =

Annotations:
D:4 1 runed translucent door, Alannah's ghost, amateur DsHu


Innate Abilities, Weirdness & Mutations

You are resistant to damage.
You can heal yourself by infusing magical energy.
You passively map a small area around you.
You do not regenerate.


Message History

You slash the ogre!
The ogre is severely wounded.
The ogre hits you with a +0 giant spiked club!!
* * * LOW HITPOINT WARNING * * *
You barely miss the ogre.
The ogre is severely wounded.
The ogre hits you but does no damage.
You hit the ogre.
The ogre is almost dead.
The ogre hits you with a +0 giant spiked club!
* * * LOW HITPOINT WARNING * * *
You closely miss the ogre.
The ogre is almost dead.
The ogre hits you with a +0 giant spiked club.
You hit the ogre but do no damage.
The ogre is almost dead.
You barely miss the ogre.
The ogre is almost dead.
The ogre hits you with a +0 giant spiked club!
You die...

#.(...##.....#
........#...
#...##...#####,
............
#...##......#
....#.#.#...
######......#
....#.#.###.
#......# * ..
#.#. #
##.....#* *
##.....##, ,,
#.......#
#.....@.# , , ,
...#####O# *
..., .o.. , ,
.. ..###* , * ,
, , , .... , ,
H...,, , ,
...... , , ...
, , * * ,


You could see an ogre and an orc.

Vanquished Creatures
  A hippogriff (D:7)
  An orc warrior (D:7)
  3 ogres
  A centaur (D:6)
  2 bullfrogs (D:6)
  A scorpion (D:7)
  2 howler monkeys (D:5)
  5 wights
  A crimson imp (D:4)
  A bullfrog zombie (D:6)
  A centaur zombie (D:5)
  An orc priest (D:7)
  3 orc wizards
  A bullfrog skeleton (D:4)
  Jessica (D:2)
  2 iguanas
  6 worker ants
  2 killer bee zombies
  A hound zombie (D:5)
  2 hound skeletons
  Robin (D:2)
  A howler monkey zombie (D:7)
  4 gnolls (D:3)
  2 adders
  A shadow imp (D:4)
  An ooze (D:4)
  3 worms
  6 dart slugs
  4 leopard geckos
  35 orcs
  5 bats
  6 giant cockroaches
  7 hobgoblins
  7 jackals
  9 kobolds
  2 quokkas
  A ball python (D:1)
  3 frilled lizards (D:1)
  19 goblins
  10 rats
165 creatures vanquished.

Notes
Turn   | Place    | Note
-------+----------+-------------------------------------------
     0 | D:1      | Elellon the Deep Dwarf Fighter began the quest for the Orb.
     0 | D:1      | Reached XP level 1. HP: 20/20 MP: 1/1
     2 | D:1      | Noticed a minotaur
     2 | D:1      | Noticed a ghoul
     4 | D:1      | Noticed a tengu
     4 | D:1      | Noticed a draconian
     6 | D:1      | Noticed a felid
     6 | D:1      | Noticed a demigod
     8 | D:1      | Noticed a halfling
     8 | D:1      | Noticed an elf
    10 | D:1      | Noticed a troll
    10 | D:1      | Noticed a centaur
    12 | D:1      | Noticed a vine stalker
    12 | D:1      | Noticed a formicid
    14 | D:1      | Noticed a naga
    16 | D:1      | Noticed an octopode
    16 | D:1      | Noticed a dwarf
    18 | D:1      | Noticed a spriggan
    18 | D:1      | Noticed a gargoyle
    20 | D:1      | Noticed a merfolk
    22 | D:1      | Noticed an ogre
    22 | D:1      | Noticed a vampire
    24 | D:1      | Noticed a human
    26 | D:1      | Noticed a demonspawn
    79 | D:1      | Reached skill level 3 in Axes
    82 | D:1      | Reached XP level 2. HP: 24/27 MP: 2/2
   787 | D:1      | Reached XP level 3. HP: 19/33 MP: 3/3
   910 | D:2      | Reached skill level 4 in Axes
  1028 | D:2      | Found a shattered altar of Ashenzari.
  1028 | D:2      | Found a bloodstained altar of Trog.
  1033 | D:2      | Found a blossoming altar of Fedhas.
  1035 | D:2      | Found a burning altar of Makhleb.
  1037 | D:2      | Found a shimmering altar of Xom.
  1041 | D:2      | Became a worshipper of Makhleb the Destroyer
  1256 | D:2      | Noticed Robin
  1288 | D:2      | Killed Robin
  1288 | D:2      | Reached XP level 4. HP: 7/40 MP: 3/3
  1315 | D:2      | Reached skill level 5 in Axes
  1593 | D:2      | Noticed Jessica
  1616 | D:2      | Killed Jessica
  1616 | D:2      | Reached * piety under Makhleb
  1883 | D:3      | Reached XP level 5. HP: 27/46 MP: 3/3
  2094 | D:3      | Reached skill level 6 in Axes
  2548 | D:3      | Reached ** piety under Makhleb
  2848 | D:4      | Reached XP level 6. HP: 51/55 MP: 4/4
  2975 | D:4      | Reached skill level 1 in Invocations
  3138 | D:4      | Reached skill level 7 in Axes
  3174 | D:4      | Found a runed translucent door.
  3176 | D:4      | Noticed Alannah's ghost (amateur DsHu)
  3675 | D:5      | Entered Level 5 of the Dungeon
  3704 | D:5      | Reached XP level 7. HP: 58/62 MP: 6/6
  3897 | D:5      | Reached skill level 1 in Maces & Flails
  4045 | D:5      | Reached *** piety under Makhleb
  4096 | D:5      | HP: 1/63 [wight/cursed +0 halberd (3)]
  4103 | D:5      | Reached XP level 8. HP: 26/72 MP: 7/7
  4148 | D:5      | Found Ismiatib's Jewellery Boutique.
  4190 | D:5      | Found a basalt altar of Yredelemnul.
  4334 | D:5      | Found a glowing golden altar of the Shining One.
  4336 | D:5      | Noticed an angel
  4502 | D:6      | Got a pair of bloodstained gloves
  4507 | D:6      | Identified the -2 pair of gloves of the Old World {rC+++
                  | Str+3 Int+3 Dex-4} (You found it on level 6 of the Dungeon)
  4569 | D:6      | Found a staircase to the Ecumenical Temple.
  4769 | D:6      | Reached skill level 5 in Armour
  4823 | D:6      | Reached skill level 8 in Axes
  5105 | D:7      | Noticed a hippogriff
  5116 | D:7      | Killed a hippogriff
  5116 | D:7      | Reached skill level 5 in Invocations
  5118 | D:7      | Reached skill level 9 in Axes
  5125 | D:7      | Slain by an ogre

Levels and vault maps discovered:
D:1:      kb_arrival_jail, layout_basic
D:2:      layout_loops_corners, chequers_temple_overflow_minitemple,
          first_ration, uniq_robin, uniq_jessica
D:3:      layout_basic, hangedman_feature_mirror
D:4:      layout_gridville, ebering_ghost_inner_flame, minmay_fractal_squares_5
D:5:      layout_rooms, grunt_temple_overflow_holy_war, serial_shops,
          nicolae_shop_competitors_out_of_business
D:6:      layout_loops_cross, temple_statues
D:7:      layout_basic

Skill      XL: |  1  2  3  4  5  6  7  8 |
---------------+-------------------------+-----
Axes           | 3 4 5 6 7 9 |  9.0
Invocations    | 2 3 5 |  5.2
Fighting       | 3 4 |  4.7
Armour         | 4 5 |  5.8
Shields        | 4 |  4.6
Maces & Flails | 2 |  2.1

Action                   |  1- 3 |  4- 6 |  7- 9 || total
-------------------------+-------+-------+-------++-------
Melee: War axe           |   148 |   229 |    49 ||   426
       Whip              |       |    94 |    97 ||   191
       Battleaxe         |       |       |    83 ||    83
 Abil: Heal Wounds       |     1 |     4 |     3 ||     8
  Use: Potion            |     1 |       |       ||     1
       Scroll            |       |     2 |     3 ||     5
  Eat: Chunk             |     1 |     9 |     2 ||    12
       Ration            |       |       |     1 ||     1
Armor: Scale mail        |    52 |    25 |       ||    77
       Chain mail        |       |   151 |   119 ||   270
Dodge: Dodged            |    35 |    74 |    68 ||   177
Block: Shield            |    65 |   171 |    84 ||   320
